 Dungeon Crawl Stone Soup version 0.22-a0-389-g8519d86 (webtiles) character file.

114787 Alphaeus the Peltast (level 17, -2/133 HPs)
             Began as a Formicid Fighter on Apr 30, 2018.
             Was the Champion of Okawaru.
             Killed by divine providence
             ... invoked by an orc high priest
              (14 damage)
             ... on level 2 of the Orcish Mines.
             The game lasted 00:48:31 (28484 turns).

Alphaeus the Peltast (Formicid Fighter)            Turns: 28484, Time: 00:48:32

Health: -2/133     AC: 42    Str: 25    XL:     17   Next: 21%
Magic:  0/23       EV: 18    Int: 10    God:    Okawaru [******]
Gold:   2357       SH: 23    Dex: 23    Spells: 16/16 levels left

rFire    + . .     SeeInvis +   a - +4 battleaxe (protect)
rCold    . . .     Gourm    .   c - +1 shield
rNeg     . . .     Faith    .   x - +5 plate armour "Meru" {Regen+}
rPois    +         Spirit   +   (helmet unavailable)
rElec    +         Reflect  .   i - scarf {rC+ rF+}
rCorr    .         Harm     .   l - +2 pair of gloves of the Swan {*Contam Str+4 Dex+8}
MR       ++...                  W - +2 pair of boots of Joassuas {+Inv rElec rPois rC-}
Stlth    ..........             m - amulet of guardian spirit
HPRegen  0.72/turn              V - ring of protection from magic
MPRegen  0.18/turn              D - +5 ring of protection

@: heroism, finesse, protection aura, drained
A: permanent stasis, dig shafts and tunnels, four strong arms, antennae 3,
hooves 1, large bone plates 1, blurry vision 1
a: Dig, Shaft Self, Heroism, Finesse, Renounce Religion, Evoke Invisibility


You were on level 2 of the Orcish Mines.
You worshipped Okawaru.
Okawaru was exalted by your worship.
You were full.

You visited 4 branches of the dungeon, and saw 24 of its levels.
You also visited: Labyrinth.

You collected 2654 gold pieces.
You spent 297 gold pieces at shops.

Inventory:

Hand Weapons
 a - a +4 battleaxe of protection (weapon)
 b - a +1 dire flail
 r - the +10 war axe of Oppuemee {holy, rF++ Str-5}
   (Okawaru gifted it to you on level 2 of the Lair of Beasts)

   It has been blessed by the Shining One to cause great damage to the undead
   and demons.
   It affects your strength (-5).
   It greatly protects you from fire.
 O - a +0 hand crossbow
 X - a +3 antimagic battleaxe
Missiles
 q - 187 bolts
Armour
 c - a +1 shield (worn)
 i - a scarf of resistance (worn)
 l - the +2 pair of gloves of the Swan (worn) {*Contam Str+4 Dex+8}
   (You found it on level 13 of the Dungeon)

   It affects your strength (+4).
   It affects your dexterity (+8).
   It causes magical contamination when unequipped.
 n - a +0 pair of gloves of archery
 x - the +5 plate armour "Meru" (worn) {Regen+}
   (You found it in a labyrinth)

   It increases your rate of regeneration.
 J - the +10 plate armour "Suemuex" {Dex+2}
   (You found it on level 6 of the Lair of Beasts)

   It affects your dexterity (+2).
 W - the +2 pair of boots of Joassuas (worn) {+Inv rElec rPois rC-}
   (Okawaru gifted it to you on level 15 of the Dungeon)

   It makes you vulnerable to cold.
   It insulates you from electricity.
   It protects you from poison.
   It lets you turn invisible.
Jewellery
 h - an uncursed ring of resist corrosion
 m - an amulet of guardian spirit (around neck)
 D - a +5 ring of protection (right hand)
 H - an uncursed ring of positive energy
 K - an uncursed ring of positive energy
 M - an uncursed ring of wizardry
 N - an uncursed ring of ice
 V - a ring of protection from magic (left hand)
 Z - a +4 ring of intelligence
Wands
 y - a wand of flame (93)
 A - a wand of disintegration (34)
 F - a wand of enslavement (17)
 G - a wand of random effects (18)
 P - a wand of acid (24)
 Q - a wand of digging (5)
Scrolls
 j - a scroll of fear
 k - 2 scrolls of fog
 o - 2 scrolls of holy word
 p - a scroll of silence
 s - 2 scrolls of amnesia
 t - 2 scrolls of enchant armour
 v - a scroll of enchant weapon
 w - 14 scrolls of remove curse
 E - 14 scrolls of identify
 I - 3 scrolls of magic mapping
Potions
 d - 2 potions of lignification
 e - a potion of cancellation
 g - a potion of agility
 u - 7 potions of brilliance
 B - 4 potions of curing
 L - 2 potions of ambrosia
 R - a potion of flight
Miscellaneous
 z - a box of beasts
 C - a lamp of fire
 T - a phantom mirror
 Y - 2 sacks of spiders
Comestibles
 f - 39 rations
 S - 27 chunks of flesh


   Skills:
 + Level 11.7(16.6) Fighting
 * Level 14.2(19.1) Axes
 - Level 7.2(12.1) Crossbows
 + Level 11.7(16.6) Armour
 + Level 9.6(14.5) Dodging
 * Level 16.8(21.7) Shields
 - Level 6.9(6.8) Invocations
 * Level 8.8(8.7) Evocations


You had 16 spell levels left.
You didn't know any spells.

Dungeon Overview and Level Annotations

Branches:
Dungeon (15/15)            Temple (1/1) D:7            Lair (6/6) D:9
  Swamp (0/4) Lair:4       Spider (0/4) Lair:3        Slime (0/5) Lair:6
    Orc (2/2) D:11         Vaults (0/5) D:13         Depths (0/5) D:15
    Elf: Orc:2

Altars:
Cheibriados
Fedhas
Gozag
Hepliaklqana
Kikubaaqudgha
Okawaru
Ru
Sif Muna
Trog
Vehumet
Wu Jian
Xom
Zin
The Shining One
Jiyva

Shops:
D:14 :   Orc:1 *

Annotations:
D:15 exclusion: orange crystal statue
Lair:5 exclusion: 4 oklob plants


Innate Abilities, Weirdness & Mutations

You cannot be hasted, slowed, berserked, paralysed or teleported.
You can dig through walls and to a lower floor.
Your four strong arms can wield two-handed weapons with a shield.
You have a pair of large antennae on your head. (SInv)
You have large cloven feet.
You are partially covered in large bone plates. (SH +4)
Scrolls take you a little longer to read.


Message History

Beogh smites you!
* * * LOW HITPOINT WARNING * * *
You closely miss the orc high priest.
The orc high priest is almost dead.
You slice the orc priest!!
You kill the orc priest!
Okawaru accepts your kill.
You slash the orc wizard!
The orc priest invokes the aid of Beogh against you.
Beogh smites you!
* * * LOW HITPOINT WARNING * * *
You block the orc high priest's attack. You block the orc priest's attack.
You block the orc high priest's attack.
The orc high priest utters an invocation to Beogh. 2 orc priests come into view.
Really read with blurry vision while enemies are nearby?
You begin reading the scroll.
You continue reading the scroll.
The orc high priest mumbles some strange prayers to Beogh against you.
Beogh smites you!
You die...

##.....$......#
#................
###.............#.#
##................###
#.......#...........##
####..###..$............#
#.#...# ##.#)#)........###
.....####...).[...........
..#.## #.....))o@o........
##### #...######oo)######
# #..##...{oo)))....#
#.##....ooo..3.....# #.
......#####...... #
......{ { o...... .....# {
#..... ...o# { #.... ..#.
.#..


You could see 2 orc high priests, a neqoxec, an orc warrior, 5 orc priests, an
orc wizard and an orc.

Vanquished Creatures
  Rupert (Lair:3)
  A fire giant (D:15)
  Nessos (Lair:4)
  The ghost of heteroy the Blocker, a journeyman GnFi of Cheibriados (D:14)
  A minotaur (Lab)
  A dire elephant (Lair:6)
  A fire dragon (D:12)
  The ghost of mandarbmax the Grappler, a journeyman OgTm of Wu Jian (D:9)
  An ice dragon (Lair:6)
  4 vault guards (D:13)
  Fannar (D:10)
  8 hydras
  A merfolk avatar (Lair:6)
  A catoblepas (D:15)
  17 two-headed ogres
  2 centaur warriors
  3 death yaks (Lair:5)
  A tengu warrior (D:15)
  2 ogre magi
  4 orc high priests
  10 skeletal warriors (D:15)
  7 unseen horrors
  A wizard (D:14)
  A harpy (Lair:6)
  4 orc knights
  A wolf spider zombie (D:15)
  3 deep elf magi
  4 orc sorcerers (Orc:1)
  2 manticores
  9 ugly things
  11 elephants
  3 cyclopes
  3 black mambas
  An ice statue (Lair:6)
  4 gargoyles
  Psyche (D:8)
  11 komodo dragons
  17 spiny frogs
  3 kobold demonologists
  5 rime drakes
  A tengu conjurer (D:13)
  The ghost of wjh11 the Chopper, an amateur MiBe of Trog (D:4)
  7 polar bears (Lair:6)
  A troll (shapeshifter) (D:15)
  8 trolls
  Prince Ribbit (D:5)
  14 hippogriffs
  6 dream sheep (Lair:5)
  6 blink frogs
  Grinder (D:3)
  2 hornets (Lair:6)
  4 slime creatures
  31 yaks
  A wraith (D:8)
  2 vampires (D:14)
  5 wyverns
  A shadow (D:15)
  A basilisk (D:9)
  4 hogs (D:10)
  9 hungry ghosts
  4 vampire mosquitoes
  A human (D:10)
  5 wargs
  2 swamp worms (Lair:4)
  2 acid dragons (D:12)
  2 soldier ants
  15 water moccasins
  7 porcupines
  A meliai simulacrum (D:14)
  8 ice beasts
  34 orc warriors
  2 sky beasts
  4 phantoms
  A black bear (D:12)
  An eye of draining (D:15)
  2 necrophages
  7 centaurs
  10 ogres
  30 wolves
  17 crocodiles
  4 big kobolds
  Blork the orc (D:5)
  20 bullfrogs
  A wyvern zombie (D:11)
  A water moccasin zombie (D:10)
  2 scorpions
  15 wights
  15 killer bees
  An electric eel (Lair:4)
  3 centaur zombies
  8 crimson imps
  2 quasits
  11 hounds
  6 jellies
  2 bullfrog skeletons
  38 orc priests
  43 orc wizards
  6 centaur skeletons
  Ijyb (D:3)
  4 iguanas
  12 worker ants
  A mummy (D:7)
  A worker ant zombie (D:10)
  13 adders
  3 gnolls (D:8)
  5 shadow imps
  3 white imps (Lair:6)
  3 oozes
  3 adder skeletons
  A worm (D:5)
  3 dart slugs
  2 leopard geckos
  126 orcs
  5 giant cockroaches
  6 goblins
  3 hobgoblins
  12 jackals
  5 quokkas
  A ball python (D:4)
  4 bats
  4 frilled lizards
  23 kobolds
  A leopard gecko zombie (D:5)
  A quokka skeleton (D:7)
  A quokka zombie (D:7)
  11 rats
  3 fungi
  6 plants
861 creatures vanquished.

Vanquished Creatures (others)
  An orc wizard (Orc:2)
  An orc (Orc:1)
  A bush (D:9)
  15 fungi
  31 plants
49 creatures vanquished.

Grand Total: 910 creatures vanquished

Notes
Turn   | Place    | Note
-------+----------+-------------------------------------------
     0 | D:1      | Alphaeus the Formicid Fighter began the quest for the Orb.
     0 | D:1      | Reached XP level 1. HP: 18/18 MP: 1/1
   269 | D:1      | Reached XP level 2. HP: 24/24 MP: 2/2
   574 | D:1      | Reached skill level 4 in Shields
   754 | D:1      | Reached XP level 3. HP: 27/29 MP: 3/3
  1587 | D:2      | Found a hazy altar of Hepliaklqana.
  1819 | D:3      | Reached XP level 4. HP: 34/35 MP: 4/4
  1928 | D:3      | Reached skill level 1 in Dodging
  2268 | D:3      | Reached XP level 5. HP: 37/42 MP: 5/5
  2417 | D:3      | Noticed Ijyb
  2426 | D:3      | Killed Ijyb
  2469 | D:3      | Noticed Grinder
  2487 | D:3      | Found a sacrificial altar of Ru.
  2521 | D:3      | Killed Grinder
  2521 | D:3      | Reached skill level 5 in Shields
  2521 | D:3      | Reached XP level 6. HP: 48/48 MP: 6/6
  2867 | D:3      | Reached XP level 7. HP: 49/54 MP: 5/7
  3099 | D:4      | Noticed wjh11's ghost (amateur MiBe)
  3114 | D:4      | Reached skill level 6 in Shields
  3122 | D:4      | Killed wjh11's ghost
  3122 | D:4      | Reached XP level 8. HP: 30/61 MP: 4/8
  3562 | D:4      | Reached skill level 5 in Axes
  3999 | D:5      | Entered Level 5 of the Dungeon
  4077 | D:5      | Reached skill level 7 in Shields
  4078 | D:5      | Noticed Blork the orc
  4094 | D:5      | Killed Blork the orc
  4156 | D:5      | Reached skill level 5 in Fighting
  4321 | D:5      | Reached skill level 5 in Armour
  4799 | D:5      | Found a deep blue altar of Sif Muna.
  4890 | D:5      | Noticed Prince Ribbit
  4919 | D:5      | Killed Prince Ribbit
  4919 | D:5      | Reached XP level 9. HP: 34/68 MP: 5/9
  5398 | D:6      | Reached skill level 8 in Shields
  6058 | D:6      | Found a shimmering altar of Xom.
  6060 | D:6      | Found a shimmering altar of Xom.
  6061 | D:6      | Found a shimmering altar of Xom.
  6062 | D:6      | Found a shimmering altar of Xom.
  6062 | D:6      | Found a shimmering altar of Xom.
  6063 | D:6      | Found a shimmering altar of Xom.
  6063 | D:6      | Found a shimmering altar of Xom.
  6066 | D:6      | Found a glowing golden altar of the Shining One.
  6776 | D:7      | Reached skill level 9 in Shields
  6988 | D:7      | Reached XP level 10. HP: 72/76 MP: 10/10
  7043 | D:7      | Found a blossoming altar of Fedhas.
  7044 | D:7      | Found an ancient bone altar of Kikubaaqudgha.
  7156 | D:7      | Found a staircase to the Ecumenical Temple.
  7166 | Temple   | Entered the Ecumenical Temple
  7177 | Temple   | Became a worshipper of Warmaster Okawaru
  7387 | D:7      | Found a snail-covered altar of Cheibriados.
  8060 | D:8      | Noticed Psyche
  8098 | D:8      | Killed Psyche
  8098 | D:8      | Reached * piety under Okawaru
  8098 | D:8      | Reached skill level 10 in Shields
  8574 | D:8      | Found an ornate altar of the Wu Jian Council.
  9200 | D:8      | Reached skill level 5 in Dodging
  9370 | D:9      | Noticed a two-headed ogre
  9382 | D:9      | Killed a two-headed ogre
  9382 | D:9      | Reached ** piety under Okawaru
  9549 | D:9      | Reached XP level 11. HP: 84/84 MP: 11/11
  9610 | D:9      | Reached *** piety under Okawaru
  9635 | D:9      | Reached skill level 11 in Shields
 10040 | D:9      | Noticed an unseen horror
 10045 | D:9      | Found a staircase to the Lair.
 10053 | D:9      | Reached **** piety under Okawaru
 10063 | D:9      | Killed an unseen horror
 10632 | D:9      | Noticed a centaur warrior
 10650 | D:9      | Killed a centaur warrior
 10650 | D:9      | Reached ***** piety under Okawaru
 11015 | D:9      | Noticed mandarbmax's ghost (journeyman OgTm)
 11044 | D:9      | Gained mutation: Scrolls take you a little longer to read. [potion of mutation]
 11044 | D:9      | Gained mutation: You have large cloven feet. [potion of mutation]
 11044 | D:9      | Gained mutation: You are partially covered in large bone plates. (SH +4) [potion of mutation]
 11057 | D:9      | Killed mandarbmax's ghost
 11474 | D:10     | Entered Level 10 of the Dungeon
 11497 | D:10     | Noticed a two-headed ogre
 11505 | D:10     | Killed a two-headed ogre
 11505 | D:10     | Reached skill level 10 in Axes
 11505 | D:10     | Reached skill level 12 in Shields
 11674 | D:10     | Reached XP level 12. HP: 89/92 MP: 12/12
 11702 | D:10     | Noticed Fannar
 11729 | D:10     | Killed Fannar
 12108 | D:10     | Received a gift from Okawaru
 12109 | D:10     | Got a faintly humming plate armour {god gift}
 12120 | D:10     | Identified the +1 plate armour of Free Expression {rElec Str+6 Dex-3 SInv} (Okawaru gifted it to you on level 10 of the Dungeon)
 12450 | D:10     | Noticed a two-headed ogre
 12460 | D:10     | Killed a two-headed ogre
 12460 | D:10     | Reached skill level 1 in Crossbows
 13389 | D:11     | Found a staircase to the Orcish Mines.
 13962 | D:11     | Noticed a two-headed ogre
 13971 | D:11     | Killed a two-headed ogre
 13979 | D:11     | Reached skill level 13 in Shields
 14157 | D:11     | Noticed a soul eater
 14163 | D:11     | Noticed a soul eater
 14357 | D:11     | Noticed a two-headed ogre
 14369 | D:11     | Killed a two-headed ogre
 14369 | D:11     | Reached ****** piety under Okawaru
 14369 | D:11     | Reached XP level 13. HP: 77/101 MP: 9/13
 14732 | Lair:1   | Entered Level 1 of the Lair of Beasts
 14953 | Lair:1   | Received a gift from Okawaru
 15170 | Lair:1   | Reached skill level 1 in Invocations
 15534 | Lair:2   | Received a gift from Okawaru
 15535 | Lair:2   | Got a dazzling war axe {god gift}
 15536 | Lair:2   | Identified the +10 war axe of Oppuemee {holy, rF++ Str-5} (Okawaru gifted it to you on level 2 of the Lair of Beasts)
 15844 | Lair:2   | Noticed an eight-headed hydra
 15854 | Lair:2   | Killed a 12-headed hydra
 16206 | Lair:2   | Identified a scroll of acquirement
 16348 | Lair:2   | Reached skill level 5 in Crossbows
 16945 | Lair:3   | Noticed a five-headed hydra
 16962 | Lair:3   | Killed a 14-headed hydra
 16962 | Lair:3   | Received a gift from Okawaru
 17478 | Lair:3   | Noticed Rupert
 17493 | Lair:3   | Killed Rupert
 17957 | Lair:3   | Found a hole to the Spider Nest.
 18132 | Lair:4   | Reached skill level 14 in Shields
 18222 | Lair:4   | Noticed Nessos
 18239 | Lair:4   | Reached XP level 14. HP: 33/108 MP: 9/17
 18249 | Lair:4   | Killed Nessos
 18249 | Lair:4   | Reached skill level 5 in Invocations
 19373 | Lair:4   | Found a staircase to the Swamp.
 19549 | Lair:5   | Received a gift from Okawaru
 20210 | Lair:5   | Reached skill level 10 in Fighting
 20210 | Lair:5   | Reached skill level 10 in Armour
 20753 | Lair:6   | Entered Level 6 of the Lair of Beasts
 20802 | Lair:6   | Found a labyrinth entrance.
 20835 | Lair:6   | Found a viscous altar of Jiyva.
 20836 | Lair:6   | Found a staircase to the Slime Pits.
 20863 | Lab      | Entered a labyrinth
 21299 | Lab      | Noticed a minotaur
 21309 | Lab      | Killed a minotaur
 21323 | Lab      | Got an ichor-stained plate armour
 21337 | Lab      | Identified the +5 plate armour "Meru" {Regen+} (You found it in a labyrinth)
 21421 | Lair:6   | Reached skill level 1 in Evocations
 21425 | Lair:6   | Received a gift from Okawaru
 21563 | Lair:6   | Received a gift from Okawaru
 21646 | Lair:6   | Reached XP level 15. HP: 34/115 MP: 4/20
 21921 | Lair:6   | Reached skill level 15 in Shields
 22880 | Lair:6   | Received a gift from Okawaru
 22883 | Lair:6   | Got a slimy ring mail {god gift}
 22896 | Lair:6   | Identified the +1 ring mail of a wizard's laboratory {+Fly rF- Int+7 Stlth+} (Okawaru gifted it to you on level 6 of the Lair of Beasts)
 22942 | Lair:6   | Identified the Handbook of Curses and Transmutation
 22952 | Lair:6   | Identified the +10 plate armour "Suemuex" {Dex+2} (You found it on level 6 of the Lair of Beasts)
 24080 | D:12     | Reached skill level 5 in Evocations
 24863 | D:13     | Got a pair of steaming gloves
 24874 | D:13     | Identified the +2 pair of gloves of the Swan {*Contam Str+4 Dex+8} (You found it on level 13 of the Dungeon)
 25024 | D:13     | Found a gate to the Vaults.
 25076 | D:13     | Reached XP level 16. HP: 124/124 MP: 21/21
 25503 | D:14     | Noticed heteroy's ghost (journeyman GnFi)
 25521 | D:14     | Killed heteroy's ghost
 25661 | D:14     | Received a gift from Okawaru
 25814 | D:14     | Found a bloodstained altar of Trog.
 25934 | D:14     | Reached skill level 16 in Shields
 26141 | D:14     | Found Ageluda Vahi's Book Shop.
 26360 | D:15     | Entered Level 15 of the Dungeon
 26502 | Orc:1    | Entered Level 1 of the Orcish Mines
 26716 | Orc:1    | Found Maneuli's Assorted Antiques.
 26724 | Orc:1    | Bought a potion of curing for 81 gold pieces
 26724 | Orc:1    | Bought a potion of heal wounds for 135 gold pieces
 26724 | Orc:1    | Bought a potion of curing for 81 gold pieces
 26969 | Orc:2    | Entered Level 2 of the Orcish Mines
 27248 | D:15     | Received a gift from Okawaru
 27288 | D:15     | Received a gift from Okawaru
 27437 | D:15     | Found a staircase to the Depths.
 27443 | D:15     | Noticed a fire giant
 27474 | D:15     | Killed a fire giant
 27488 | D:15     | Reached XP level 17. HP: 121/132 MP: 21/23
 27492 | D:15     | Received a gift from Okawaru
 27493 | D:15     | Got a pair of pitted boots {god gift}
 27524 | D:15     | Identified the +2 pair of boots of Joassuas {+Inv rElec rPois rC-} (Okawaru gifted it to you on level 15 of the Dungeon)
 28484 | Orc:2    | Killed from afar by an orc high priest

Vault maps used:
D:1:      erik_arrival_cave_to_civilisation
D:2:      lemuel_coloured_pillars_altar
D:3:      nicolae_overflow_crystal_walls, hangedman_decor_riveting, uniq_ijyb,
          uniq_grinder
D:4:      first_ration
D:5:      lemuel_doored_altar, uniq_blork_the_orc, uniq_prince_ribbit1
D:6:      nicolae_overflow_hidden_temple, nicolae_xom_altar_mimics
D:7:      grunt_temple_overflow_growth_and_decay, slow_altar_2,
          minmay_temple_entry_trees
D:8:      minmay_goldmine, lemuel_round_altar, uniq_psyche
D:9:      minmay_lair_entry_grove
D:10:     grunt_livestock, uniq_fannar
D:11:     hiddenorc2_lemuel
D:12:     minmay_the_grid_triangle_9x9_rhombus_thin,
          minmay_misc_feat_more_columns
D:13:     grunt_vaults_entry_fortified, kennysheep_generic_room_6
D:14:     basic_altar, serial_shops, shop
D:15:     grunt_enter_depths_giant_problem, minivault_5, st_stairs_13,
          minmay_protected_statue
Temple:   chequers_temple_sunken
Lair:2:   beast_lair_carwin_large_2, grunt_megastairs_1
Lair:3:   cheibrodos_lair_river_kwai, dummy_spider_entry, st_stairs_11,
          grunt_megastairs_2, infiniplex_staircase_pool_2, serial_bayou_shore_b,
          serial_bayou_shore_b, serial_bayou_shore_b, lemuel_fruit_tree,
          uniq_rupert
Lair:4:   nicolae_swamp_entry_splash_gauntlet, uniq_nessos
Lair:5:   lemuel_fruit_fields, lemuel_fruit_fields, serial_bayou_shore_b,
          minmay_lair_oklob_chamber
Lair:6:   gammafunk_lair_ancient_temple, slime_altar_1, lab_entry_generic,
          ice2_lemuel
Orc:1:    serial_shops, shop_fountains
Orc:2:    st_orc_mages
Lab:      labyrinth_watery

Skill      XL: |  1  2  3  4  5  6  7  8  9 10 11 12 13 14 15 16 |
---------------+-------------------------------------------------+-----
Shields        | 4 5 6 7 9 10 12 13 14 15 16 | 16.8
Dodging        | 1 2 3 4 5 6 7 8 9 |  9.6
Axes           | 3 4 5 7 8 10 11 12 13 14 | 14.2
Fighting       | 4 5 6 7 8 9 10 11 | 11.7
Armour         | 4 5 6 7 8 9 10 11 | 11.7
Crossbows      | 3 5 7 |  7.2
Invocations    | 4 6 |  6.9
Evocations     | 2 6 8 |  8.8

Action                   |  1- 3 |  4- 6 |  7- 9 | 10-12 | 13-15 | 16-18 || total
-------------------------+-------+-------+-------+-------+-------+-------++-------
Melee: War axe           |    90 |   103 |   502 |   137 |    28 |       ||   860
       Battleaxe         |       |       |       |   722 |  1039 |   541 ||  2302
       Kick              |       |       |       |   127 |   414 |   229 ||   770
       Dire flail        |       |       |       |       |    73 |       ||    73
Invok: Heroism           |       |       |       |     2 |     7 |     2 ||    11
       Finesse           |       |       |       |     1 |     4 |     2 ||     7
 Abil: Dig               |       |       |       |       |     1 |       ||     1
  Use: Potion            |       |     4 |     6 |     8 |     7 |     5 ||    30
       Scroll            |       |       |       |       |    22 |     2 ||    24
 Stab: Distracted        |       |       |       |     1 |     1 |       ||     2
  Eat: Chunk             |     3 |     3 |    17 |    23 |    26 |     9 ||    81
       Ration            |       |       |     1 |     2 |     3 |     3 ||     9
Armor: Scale mail        |    29 |    26 |   211 |   215 |       |       ||   481
       Chain mail        |       |    14 |       |       |       |       ||    14
       Skin              |       |     2 |       |       |       |       ||     2
       Plate armour      |       |       |       |   105 |   741 |   209 ||  1055
Dodge: Dodged            |    26 |    38 |   199 |   335 |   496 |   231 ||  1325
Block: Shield            |    46 |    50 |   301 |   717 |  1359 |   649 ||  3122

Table legend:
 A = Spawn XP
 B = Non-spawn XP
 C = Spawn XP percentage of total XP
 D = Spawn monster count
 E = Non-spawn monster count
 F = Spawn count percentage of total count
 G = Total turns spent on level
                    A         B        C        D         E        F      G
               +---------+---------+-------+---------+---------+-------+---------
         Total |       0 |  163982 |   0.0 |       0 |     853 |   0.0 | 28484
               +---------+---------+-------+---------+---------+-------+---------
           D:1 |       0 |      44 |   0.0 |       0 |      25 |   0.0 |  1226
           D:2 |       0 |      18 |   0.0 |       0 |      12 |   0.0 |   506
           D:3 |       0 |     524 |   0.0 |       0 |      22 |   0.0 |  1288
           D:4 |       0 |     695 |   0.0 |       0 |      19 |   0.0 |   979
           D:5 |       0 |     857 |   0.0 |       0 |      41 |   0.0 |  1362
           D:6 |       0 |     297 |   0.0 |       0 |       8 |   0.0 |   995
           D:7 |       0 |    1519 |   0.0 |       0 |      36 |   0.0 |  1235
           D:8 |       0 |    2534 |   0.0 |       0 |      50 |   0.0 |  1815
           D:9 |       0 |    7979 |   0.0 |       0 |      59 |   0.0 |  2267
          D:10 |       0 |    5768 |   0.0 |       0 |      34 |   0.0 |  1526
          D:11 |       0 |    6694 |   0.0 |       0 |      72 |   0.0 |  1783
          D:12 |       0 |    9418 |   0.0 |       0 |      34 |   0.0 |   986
          D:13 |       0 |   12974 |   0.0 |       0 |      36 |   0.0 |  1068
          D:14 |       0 |   13129 |   0.0 |       0 |      39 |   0.0 |   946
          D:15 |       0 |   26259 |   0.0 |       0 |      51 |   0.0 |  1067
        Lair:1 |       0 |    2036 |   0.0 |       0 |      15 |   0.0 |   571
        Lair:2 |       0 |    6670 |   0.0 |       0 |      29 |   0.0 |  1491
        Lair:3 |       0 |    7884 |   0.0 |       0 |      20 |   0.0 |  1365
        Lair:4 |       0 |    9069 |   0.0 |       0 |      34 |   0.0 |  1448
        Lair:5 |       0 |   10332 |   0.0 |       0 |      34 |   0.0 |  1247
        Lair:6 |       0 |   25451 |   0.0 |       0 |      75 |   0.0 |  2068
         Orc:1 |       0 |    7777 |   0.0 |       0 |      53 |   0.0 |   486
         Orc:2 |       0 |    4793 |   0.0 |       0 |      54 |   0.0 |   241
           Lab |       0 |    1261 |   0.0 |       0 |       1 |   0.0 |   500
               +---------+---------+-------+---------+---------+-------+---------
